AoeStats
← El Fantasma de Pancho Villa

Arabia

506551710Analyzed
4v4 RM · 19d ago on Sep 14, 2026· 51m 59s· 8 players
Game mode
Random Map
Map size
Large (8 player)
Population
200
Speed
Normal
Resources
Standard
Victory
Conquest
Starting age
Dark Age
Ending age
Imperial Age
RankedLock teamsTeams togetherTeam positionsShared explorationLock speedFull tech treeHidden civsTurbo modeCheats
Victory
Defeat
🇨🇱 Sicilians · Chile
1241
+12
🇨🇱 Hindustanis · Chile
1192
+14
🇺🇸 Ethiopians · United States
1086
+18
🇨🇱 Khmer · Chile
1046
+19
🇺🇸 Goths · United States
1170
-17
🇨🇦 Vietnamese · Canada
1148
-16
🇺🇸 Franks · United States
1136
-16
🇦🇷 Vikings · Argentina
1086
-14
Carpinchoherido
4:53 Loom
11:49 Feudal Age
16:19 Castle Age
15:21 Double-Bit Axe
20:43 Bow Saw
24:41 Scale Mail Armor
24:48 Stone Mining
24:58 Horse Collar
25:50 Forging
25:55 Chain Mail Armor
26:37 Gold Mining
26:36 Gambesons
27:18 Squires
26:48 Man-at-Arms
27:42 Pikeman
30:05 Iron Casting
31:39 Gold Shaft Mining
32:46 Chieftains
32:44 Arson
33:18 Chain Mail Armor
35:50 Imperial Age
33:51 Town Watch
33:44 Long Swordsman
36:16 Elite Berserk
36:45 Two-Handed Swordsman
38:10 Plate Mail Armor
38:20 Champion
39:52 Town Patrol
43:31 Chemistry
46:02 Capped Ram
Frak
7:33 Loom
10:24 Feudal Age
11:39 Double-Bit Axe
14:14 Wheelbarrow
13:35 Fletching
14:23 Horse Collar
15:05 Padded Archer Armor
24:35 Castle Age
25:09 Crossbowman
26:19 Bodkin Arrow
28:00 Thumb Ring
28:15 Pikeman
29:55 Bow Saw
31:30 Leather Archer Armor
31:19 Scale Mail Armor
42:05 Gold Mining
46:10 Ballistics
47:05 Hand Cart
49:45 Squires
49:58 Forging
50:56 Town Watch
54:02 Imperial Age
DiceFever
6:53 Loom
9:43 Feudal Age
10:10 Double-Bit Axe
26:33 Castle Age
24:56 Gold Mining
25:34 Scale Barding Armor
25:51 Forging
26:27 Wheelbarrow
27:46 Chain Barding Armor
28:02 Iron Casting
32:11 Husbandry
34:16 Fletching
34:38 Elite Skirmisher
36:42 Gold Shaft Mining
36:07 Bodkin Arrow
38:43 Padded Archer Armor
39:16 Bow Saw
42:06 Leather Archer Armor
48:29 Imperial Age
bloodninja24
1:23 Loom
12:18 Feudal Age
13:35 Wheelbarrow
12:49 Double-Bit Axe
12:47 Horse Collar
22:58 Castle Age
24:04 Heavy Plow
24:28 Bow Saw
26:40 Gold Mining
28:17 Pikeman
28:58 Squires
30:33 Scale Mail Armor
31:37 Chain Mail Armor
33:37 Forging
33:33 Man-at-Arms
35:05 Iron Casting
34:16 Long Swordsman
37:13 Hand Cart
45:48 Imperial Age
47:03 Conscription
46:46 Perfusion
46:47 Anarchy
47:34 Crop Rotation
49:24 Elite Huskarl
51:15 Blast Furnace
51:21 Two-Man Saw
Arkh
9:21 Feudal Age
9:55 Loom
10:36 Double-Bit Axe
10:42 Horse Collar
16:51 Scale Barding Armor
17:54 Forging
25:20 Castle Age
24:04 Bloodlines
24:07 Gold Mining
26:01 Husbandry
25:21 Light Cavalry
26:23 Chain Barding Armor
26:42 Iron Casting
26:23 Bow Saw
27:01 Squires
26:33 Man-at-Arms
27:27 Long Swordsman
30:11 Arson
31:16 Scale Mail Armor
34:14 Chain Mail Armor
38:13 Wheelbarrow
39:32 Fletching
40:37 Bodkin Arrow
42:52 Ballistics
43:06 Hand Cart
44:04 Thumb Ring
Cuervo.AOE
6:22 Loom
9:05 Feudal Age
10:38 Double-Bit Axe
10:56 Horse Collar
16:22 Scale Barding Armor
17:00 Forging
18:53 Wheelbarrow
23:18 Castle Age
22:11 Bloodlines
24:02 Husbandry
24:30 Heavy Plow
25:11 Bow Saw
26:35 Chain Barding Armor
27:15 Light Cavalry
33:08 Fletching
34:44 Hand Cart
36:29 Iron Casting
39:29 Imperial Age
38:12 Bodkin Arrow
40:48 Plate Barding Armor
39:34 Cavalier
41:15 Hauberk
41:30 Conscription
41:54 Crop Rotation
43:03 First Crusade
43:16 Scale Mail Armor
44:19 Chain Mail Armor
46:27 Plate Mail Armor
47:40 Blast Furnace
48:39 Bracer
milo
12:08 Feudal Age
11:12 Loom
24:56 Horse Collar
25:25 Double-Bit Axe
32:39 Castle Age
33:29 Crossbowman
41:33 Bow Saw
El Fantasma de Pancho Villa
6:27 Loom
8:57 Feudal Age
16:02 Padded Archer Armor
16:44 Fletching
17:17 Double-Bit Axe
25:40 Castle Age
23:45 Gold Mining
25:22 Wheelbarrow
24:34 Horse Collar
25:45 Crossbowman
26:22 Bodkin Arrow
26:43 Leather Archer Armor
29:03 Ballistics
29:42 Gold Shaft Mining
30:10 Hand Cart
30:54 Thumb Ring
34:29 Bow Saw
37:23 Imperial Age
37:08 Heavy Plow
37:23 Arbalester
38:37 Ring Archer Armor
39:24 Chemistry
40:58 Bracer
41:57 Capped Ram
44:44 Scale Mail Armor
44:54 Forging
47:50 Siege Ram
Connection lost

Rejoining the realm…

Still unreachable

The connection could not be restored.

Session expired

The server has moved on; the page needs a fresh start.